[Event "Live Chess"]
[Site "Chess.com"]
[Date "2023.05.20"]
[Round "-"]
[White "Horseymobile"]
[Black "ClassyChameleon"]
[Result "1-0"]
[WhiteElo "1193"]
[BlackElo "1057"]
[TimeControl "300"]
[EndTime "11:57:24 PDT"]
[Termination "Horseymobile won by checkmate"]

1. d4 d5 2. c4 e6 3. Nc3 c6 4.
Nf3 Bb4 5. e3 b5 6. cxb5 c5 7.
dxc5 Qa5 8. Qc2 Bxc5 9. Bd2 Nf6 10. Bd3 O-O 11. O-O Nbd7 12. Nxd5 Qd8 13. Nxf6+ Qxf6 14. Bxh7+ Kh8 15. Bc3 e5 16. Be4 Rb8 17. Rad1 Rxb5 18.
Bc6 Qxc6 19. Bxe5 Nxe5 20. Nxe5 Qf6 21. Rd5 Qe7 22. Nc6 Qb7 23. Rh5+ Kg8 24. Qh7# 1-0

[Event "Live Chess"]
[Site "Chess.com"]
[Date "2023.05.20"]
[Round "-"]
[White "Tushinskiy"]
[Black "apl_trainer"]
[Result "1-0"]
[WhiteElo "2117"]
[BlackElo "1595"]
[TimeControl "300"]
[EndTime "11:57:31 PDT"]
[Termination "Tushinskiy won on time"]

1. d4 Nf6 2. c3 c5 3. Nf3 d5 4.
Bf4 Qb6 5. Qc1 Nc6 6. e3 Bf5 7. Nbd2 e6 8. Nb3 c4 9. Nbd2 Rc8 10. Be2 Be7 11. O-O O-O 12. Bg3 h6 13. Re1 Qa5 14.
Ne5 Nxe5 15. Bxe5 b5 16. a3 Qd8 17. Bf3 Nd7 18. Bg3 Nb6 19. e4 Bg6 20. h3 Bg5 21.
Qd1 Na4 22. Rb1 a5 23. Kh2 Qf6 24. Be5 Qd8 25. g3 f6 26. Bf4 Bxf4 27. gxf4 e5 28.
f5 exd4 29. cxd4 c3 30. fxg6 c2 31. Qe2 cxb1=Q 32. Rxb1 Rc2 33. Qd3 Qc7+ 34. Kg2 Nxb2 35. Qe3 dxe4 36. Nxe4 Nc4 37. Qb3 Kh8 38. Qxb5 Ne3+ 39.
Kg1 Qf4 40. Qh5 Nf5 41. Qg4 Qxg4+ 42. Bxg4 Nxd4 43. Nd6 f5 44. Bd1 Rd2 45. Nf7+ Kg8 46. Ba4 Rxf7 47. gxf7+ 1-0

[Event "Live Chess"]
[Site "Chess.com"]
[Date "2023.05.20"]
[Round "-"]
[White "ElectricFalcon"]
[Black "hturner40"]
[Result "0-1"]
[WhiteElo "1066"]
[BlackElo "1799"]
[TimeControl "300"]
[EndTime "11:57:35 PDT"]
[Termination "hturner40 won by resignation"]

1. d4 Nf6 2. c4 g6 3. Nf3 Bg7 4. Nc3 d5 5. Bg5 Ne4 6. Nxe4 dxe4 7. Nd2 Qxd4 8. Be3 Qxb2 9. Rb1 Qxa2 10. Bf4 Na6 11.
e3 Qa5 12. Be2 O-O 13. O-O Rd8 14. Qc2 Qxd2 15. Qxd2 Rxd2 16. Rfe1 Be6 0-1

[Event "Live Chess"]
[Site "Chess.com"]
[Date "2023.05.20"]
[Round "-"]
[White "OceanFloater"]
[Black "tpm07"]
[Result "0-1"]
[WhiteElo "979"]
[BlackElo "1956"]
[TimeControl "300"]
[EndTime "11:57:39 PDT"]
[Termination "tpm07 won by resignation"]

1. e4 c5 2. Nf3 Nc6 3. c3 d5 4.
exd5 Qxd5 5. b3 Bg4 6. Bc4 Qd7 7. h3 Bh5 8. O-O e6 9. a3 Nf6 10. b4 Be7 11. b5 Na5 12. Ba2 O-O 13. a4 b6 14. Na3 Rad8 15. Nc4 Nxc4 16. Bxc4 Nd5 17. Ne5 Bxd1 18. Nxd7 Rxd7 19. Rxd1 Nxc3 20. Re1 Nd5 21. Bb2 Bf6 22. Bxf6 gxf6 23. d3 Rfd8 24. Re2 Nf4 25. Re3 Nxd3 26. Bxd3 Rxd3 27. Rg3+ Rxg3 28. fxg3 Rd4 29.
Kf2 Kf8 30. Kf3 Ke7 31. g4 Kd6 32. Ra3 c4 33. h4 Kc5 34. Ke2 Kb4 35. Rf3 Rxg4 36.
Rxf6 Kxa4 37. Rxf7 Kxb5 38. Rxa7 Rxg2+ 39. Kd1 Rg4 40.
Rxh7 Kb4 41. Kc2 Rg2+ 42. Kc1 Kc3 43. Rf7 Rg1+ 0-1

[Event "Live Chess"]
[Site "Chess.com"]
[Date "2023.05.20"]
[Round "-"]
[White "Tilbs_12"]
[Black "chessleanstrategist"]
[Result "1-0"]
[WhiteElo "1564"]
[BlackElo "400"]
[TimeControl "300"]
[EndTime "11:57:46 PDT"]
[Termination "Tilbs_12 won on time"]

1. e4 d6 2. d4 Nf6 3. Nc3 g6 4. f4 Nc6 5. Nf3 Bg7 6. Be3 O-O 7. Bc4 Na5 8. Bd3 c5 9. e5 Nd7 10. O-O c4 11. Be4 e6 12. exd6 f5 13. Bxf5 gxf5 14. b4 Nc6 15. a3 b5 16. Nxb5 a5 17. Nc7 Ra7 18. Nxe6 Qe8 19. Nfg5 Nf6 20. Re1 Rff7 21. Nxf7 Qxf7 22. d5 Bxe6 23. dxe6 Qxe6 24. Bxa7 Qd7 25. Qe2 1-0

[Event "Live Chess"]
[Site "Chess.com"]
[Date "2023.05.20"]
[Round "-"]
[White "JohanKjeldahl"]
[Black "manthanit"]
[Result "1-0"]
[WhiteElo "1802"]
[BlackElo "944"]
[TimeControl "300"]
[EndTime "11:57:52 PDT"]
[Termination "JohanKjeldahl won by resignation"]

1. e4 e6 2. d4 d5 3. Nd2 c5 4. Ngf3 a6 5. exd5 exd5 6. c3 Nf6 7. Bd3 Nbd7 8. O-O Be7 9. dxc5 Nxc5 10. Bc2 O-O 11.
b4 Ncd7 12. Nb3 b5 13. Nbd4 Bb7 14. Bf4 Rc8 15. Qd3 Bc6 16. Ng5 g6 17. Rae1 a5 18. bxa5 Ne4 19. Nxc6 Rxc6 20. Nxe4 dxe4 21. Qxe4 Re6 22.
Qd5 Re8 23. Rxe6 fxe6 24. Qxe6+ Kh8 25. Re1 Nf8 26. Be5+ Bf6 27. Bxf6+ Qxf6 28. Qxf6+ Kg8 29. Bb3+ 1-0

[Event "Live Chess"]
[Site "Chess.com"]
[Date "2023.05.20"]
[Round "-"]
[White "ProfPoisson"]
[Black "Greenbecker"]
[Result "0-1"]
[WhiteElo "1057"]
[BlackElo "1657"]
[TimeControl "300"]
[EndTime "11:57:54 PDT"]
[Termination "Greenbecker won by resignation"]

1. e4 e6 2. d4 d5 3. e5 c5 4. c3 Nc6 5. Nf3 Bd7 6. Bd3 cxd4 7.
O-O dxc3 8. Nxc3 Nge7 9. Nb5 Ng6 10. Bxg6 hxg6 11. Bg5 f6 12. exf6 gxf6 13. Bf4 e5 14. Re1 Bg4 15. Qd3 Bxf3 16. Qxg6+ Ke7 17. gxf3 Rc8 18.
Rac1 Qe8 19. Rxc6 Qxg6+ 20. Bg3 bxc6 21. Nd4 Kd7 22. Nb3 Bd6 0-1

[Event "Live Chess"]
[Site "Chess.com"]
[Date "2023.05.20"]
[Round "-"]
[White "HoarseyHorsey"]
[Black "McSlash1"]
[Result "0-1"]
[WhiteElo "1368"]
[BlackElo "2055"]
[TimeControl "300"]
[EndTime "11:57:56 PDT"]
[Termination "McSlash1 won by resignation"]

1. d4 Nf6 2. c4 g6 3. f3 d5 4. cxd5 Nxd5 5. e4 Nf6 6. Nc3 Bg7 7. Be3 O-O 8. Qd2 c5 9. d5 e6 10. Bxc5 Re8 11. d6 Na6 12. Ba3 Bf8 13. e5 Nd7 14. f4 Nb6 15. Nf3 Bd7 16. Bd3 Bc6 17. O-O Nd5 18.
Nd4 Qb6 19. Nxd5 Bxd5 20. Bc2 Red8 21. Kh1 Rac8 22. Rac1 Nc5 23. Nb5 Qxb5 24. Bd3 0-1

[Event "Live Chess"]
[Site "Chess.com"]
[Date "2023.05.20"]
[Round "-"]
[White "TDCMF"]
[Black "LodeshChess"]
[Result "0-1"]
[WhiteElo "360"]
[BlackElo "986"]
[TimeControl "300"]
[EndTime "11:58:05 PDT"]
[Termination "LodeshChess won by checkmate"]

1. e4 c6 2. Nf3 d5 3. exd5 cxd5 4. d4 Bg4 5. Bf4 Nf6 6. h3 Bxf3 7. gxf3 Nc6 8. Nc3 e6 9. Nb5 Be7 10. Nc7+ Kf8 11.
Nxa8 Qxa8 12. Bd3 Nxd4 13. c3 Nc6 14. Qa4 Qc8 15. O-O-O g6 16. Bh6+ Ke8 17. Bb5 a6 18. Bxc6+ Qxc6 19. Qxc6+ bxc6 20. Bg7 Rg8 21. Bh6 Kd7 22.
Rd4 Rb8 23. b3 Bc5 24. Ra4 Rb6 25. Bg7 Nh5 26. Be5 Bxf2 27. Rf1 Be3+ 28. Kd1 f6 29.
Bb8 c5 30. Re1 Bf4 31. b4 Bxb8 32. f4 Nxf4 33. Rf1 e5 34. h4 cxb4 35. cxb4 a5 36.
b5 Rxb5 37. Ra3 Rb1+ 38. Kd2 Rxf1 39. Rxa5 Rf2+ 40. Ke3 Re2+ 41. Kf3 Rh2 42. a4 Rxh4 43. Rb5 Bc7 44. Rb7 Rh3+ 45. Kg4 Ra3 46. a5 Rxa5 47. Rxc7+ Kxc7 48. Kf3 Ra3+ 49. Kf2 d4 50. Ke1 d3 51. Kd2 Ra2+ 52. Kc3 d2 53. Kc4 d1=Q 54. Kc5 Rc2+ 55.
Kb4 Qb1+ 56. Ka5 Ra2# 0-1

[Event "Live Chess"]
[Site "Chess.com"]
[Date "2023.05.20"]
[Round "-"]
[White "LiamClery2020"]
[Black "AbilifyXL"]
[Result "1-0"]
[WhiteElo "2088"]
[BlackElo "1939"]
[TimeControl "300"]
[EndTime "11:58:34 PDT"]
[Termination "LiamClery2020 won on time"]

1. e4 d5 2. exd5 Qxd5 3. Nc3 Qa5 4. b4 Qxb4 5. Rb1 Qd6 6. Nf3 a6 7. d4 Nf6 8. g3 c6 9. Bf4 Qd8 10. Bg2 e6 11. O-O Nbd7 12. Re1 Be7 13. Ne5 O-O 14. Qf3 Nd5 15. Ne4 Nxf4 16. gxf4 Nf6 17. Rbd1 g6 18. Nc5 Qa5 19. Nb3 Qxa2 20. Qc3 Qa3 21. Nc4 Qb4 22. Qd3 Nd5 23. Bxd5 cxd5 24. Ne5 Bf6 25. Nc5 Qa5 26. Ncd7 Bxd7 27. Nxd7 Bg7 28.
Nxf8 Rxf8 29. Re2 b5 30. Qb3 Rc8 31.
Rb1 Qc7 32. Rd2 Qxf4 33. Qe3 Qf5 34. Rb2 h5 35. Qd3 Qg5+ 36. Kf1 Bh6 37. Rd1 Qg4 38.
Re1 Bg7 39. c3 Qf4 40. Kg2 Qc7 41. Re3 Ra8 42. Rf3 Qc6 43. Qe2 Qc7 44. Qd3 Rb8 45. Ra2 a5 46. Qd1 b4 47. cxb4 axb4 48. Rc2 Qb6 49.
Qd3 Qxd4 50. Qb3 Qg4+ 51. Kf1 Qe4 52. Re3 Qd4 53. Rd3 Qe5 54. Kg2 Qe1 55. Re3 Qd1 56.
Rc8+ Rxc8 57. Qxd1 Bc3 58. Qb3 d4 59. Rd3 e5 60. Kf3 Kg7 61. Qa4 f5 62. Qd7+ Kf6 63.
Qxc8 e4+ 64. Ke2 exd3+ 65. Kxd3 Ke5 66. Qe8+ Kf6 67. Qc6+ Kg5 68. Qg2+ Kf6 69. f4 b3 70.
Qb7 b2 71. Kc2 Ke6 72. Qa6+ Kf7 73. Qc4+ Kf6 74. h4 Kg7 75. Kb1 Kf6 76. Qc6+ Kg7 77. Qg2 Kf6 78. Qg5+ Kf7 79. Kc2 Kg7 80. Qd8 Kf7 81.
Qd7+ Kf6 82. Qa4 Kf7 83. Qb3+ Kf6 84. Kd3 Kg7 85. Qe6 1-0

[Event "Live Chess"]
[Site "Chess.com"]
[Date "2023.05.20"]
[Round "-"]
[White "MaximKris"]
[Black "lHolyDiverl"]
[Result "1-0"]
[WhiteElo "1880"]
[BlackElo "560"]
[TimeControl "300"]
[EndTime "11:58:34 PDT"]
[Termination "MaximKris won by checkmate"]

1. e4 c6 2. Nf3 d5 3. Nc3 dxe4 4. Nxe4 Nf6 5. Nxf6+ gxf6 6. d4 Bg4 7. Bd2 Bxf3 8.
Qxf3 Qxd4 9. O-O-O Bg7 10. Ba5 Qe5 11. Rd8# 1-0

[Event "Live Chess"]
[Site "Chess.com"]
[Date "2023.05.20"]
[Round "-"]
[White "Goblinbasher"]
[Black "kerryman1969"]
[Result "1-0"]
[WhiteElo "1206"]
[BlackElo "1151"]
[TimeControl "300"]
[EndTime "11:58:38 PDT"]
[Termination "Goblinbasher won by resignation"]

1. e4 e5 2. Nc3 Nc6 3. f4 exf4 4. Nf3 d6 5. Bc4 Be7 6. O-O Nf6 7. d3 O-O 8. Bxf4 Bg4 9. Qe1 Na5 10. Bb3 Nxb3 11. axb3 a6 12. Qg3 Be6 13. Bh6 Nh5 14. Qf2 gxh6 15.
Nd5 Kh8 16. Nxe7 Qxe7 17. Rae1 Rg8 18. Nh4 Qg5 19. g3 Raf8 20. Ng2 Bh3 21. Qd4+ Rg7 22. Rf5 Qg6 23. Nf4 Bxf5 24. Nxg6+ hxg6 25. exf5 gxf5 26. Rf1 Kh7 27. Rxf5 Re8 28. Rxh5 Re1+ 29. Kf2 Rc1 30. Qf4 Kg8 31. Qxc1 1-0

[Event "Live Chess"]
[Site "Chess.com"]
[Date "2023.05.20"]
[Round "-"]
[White "Doge_Dandolo"]
[Black "EdenHazard8"]
[Result "0-1"]
[WhiteElo "2063"]
[BlackElo "2090"]
[TimeControl "300"]
[EndTime "11:58:43 PDT"]
[Termination "EdenHazard8 won by resignation"]

1. Nf3 e6 2. c4 f5 3. d3 Nf6 4. g3 Be7 5. Bg2 O-O 6. O-O d6 7. Nc3 e5 8. e4 Nc6 9. Bg5 Qe8 10.
Bxf6 Bxf6 11. Nd5 Bd8 12. exf5 Bxf5 13. Qe2 Qh5 14. Rae1 Bg4 15. Qe4 Bxf3 0-1

[Event "Live Chess"]
[Site "Chess.com"]
[Date "2023.05.20"]
[Round "-"]
[White "chessfiction"]
[Black "LL220284LL"]
[Result "1-0"]
[WhiteElo "2412"]
[BlackElo "2391"]
[TimeControl "300"]
[EndTime "11:58:44 PDT"]
[Termination "chessfiction won by resignation"]

1. e4 d5 2. e5 c5 3. Nf3 Nc6 4. c3 Bf5 5. d4 e6 6. Bb5 Qb6 7. Qe2 h6 8. dxc5 Bxc5 9. b4 Be7 10. Be3 Qc7 11. O-O a6 12. Bxc6+ Qxc6 13. Nd4 Qc4 14. Qxc4 dxc4 15. Nxf5 exf5 16. Nd2 Rc8 17. a4 g5 18. f4 g4 19. Bd4 f6 20. Rfe1 Kf7 21. Nf1 fxe5 22. Rxe5 Kg6 23. Ne3 Bf6 24. Re6 Kf7 25. Rb6 Bxd4 26. Rxb7+ Ne7 27. cxd4 Kf6 28. Rc1 Rhd8 29.
Rb6+ Kg7 30. Re6 Kf7 31. Rxh6 Ng8 32. Rxa6 Rxd4 33. Nxf5 Rd2 34. Nd6+ 1-0

[Event "Live Chess"]
[Site "Chess.com"]
[Date "2023.05.20"]
[Round "-"]
[White "zdanevych"]
[Black "bigedd"]
[Result "0-1"]
[WhiteElo "1503"]
[BlackElo "729"]
[TimeControl "300"]
[EndTime "11:59:00 PDT"]
[Termination "bigedd won by resignation"]

1. d4 Nf6 2. c4 d6 3. Nc3 Bf5 4. Nf3 c6 5. h3 Qc7 6. Bf4 e6 7.
c5 Be7 8. cxd6 Bxd6 9. Bxd6 Qxd6 10. e3 O-O 11. Be2 Re8 12. O-O h6 13. Ne5 Nbd7 14. Nc4 Qc7 15. Rc1 b5 16. Na3 b4 17. Na4 bxa3 18.
bxa3 Ne4 19. Bf3 Rab8 20. Bxe4 Bxe4 21. Nc5 Nxc5 22. Rxc5 Rb5 23. Rc3 Reb8 24. Qg4 Bf5 25. Qf3 Rb1 26. Rcc1 Rxc1 27. Rxc1 Kh7 28. Rxc6 Qb7 29.
Kh2 Rc8 30. Rxc8 Qxc8 31. Qe2 Qc7+ 32. f4 Qc2 33. Qxc2 Bxc2 34. Kg3 Kg6 35. Kf2 Kf5 36. g4+ Ke4 37. Ke2 g6 38. h4 f5 39. g5 hxg5 40.
hxg5 Bb1 41. a4 Bxa2 42. Kd2 Bb3 43. a5 Bc4 44. Kc3 Bd3 45. Kb4 Kxe3 46. Kc5 Kxf4 47.
Kd6 e5 48. dxe5 Ke4 49. e6 Bb5 50. e7 f4 51. Kc7 f3 52. Kb7 f2 53. Kxa7 f1=Q 54.
Kb6 0-1

[Event "Live Chess"]
[Site "Chess.com"]
[Date "2023.05.20"]
[Round "-"]
[White "Duke_of_Bebington"]
[Black "PLZ909"]
[Result "1-0"]
[WhiteElo "1564"]
[BlackElo "1276"]
[TimeControl "300"]
[EndTime "11:59:22 PDT"]
[Termination "Duke_of_Bebington won by resignation"]

1. e4 d5 2. exd5 Qxd5 3. d4 Nf6 4. Nf3 Bg4 5. Be2 e6 6. Be3 Bb4+ 7. c3 Ba5 8. O-O Nc6 9. b4 Bb6 10. c4 Qf5 11. c5 Bxc5 12. bxc5 O-O-O 13. Qa4 Kb8 14. Nc3 h5 15. Nh4 Qc2 16. Qxc2 Bxe2 1-0

[Event "Live Chess"]
[Site "Chess.com"]
[Date "2023.05.20"]
[Round "-"]
[White "brownbear2704"]
[Black "whitedjohn"]
[Result "0-1"]
[WhiteElo "1218"]
[BlackElo "1672"]
[TimeControl "300"]
[EndTime "11:59:27 PDT"]
[Termination "whitedjohn won by checkmate"]

1. d4 Nf6 2. Bf4 d5 3. Nf3 c5 4.
e3 Nc6 5. c3 Qb6 6. Qb3 Qxb3 7.
axb3 cxd4 8. cxd4 e6 9. Ne5 Nxe5 10. dxe5 Ne4 11. Bb5+ Bd7 12. Ba4 Bb4+ 13. Nc3 b5 14.
Bxb5 Bxb5 15. Rc1 Rc8 16. f3 Nxc3 17. bxc3 Rxc3 18. Kd2 Rxb3+ 19. Kd1 O-O 20. e4 d4 21. Bd2 Rd3 22. Rb1 Rxd2+ 23. Kc1 Rc8# 0-1

[Event "Live Chess"]
[Site "Chess.com"]
[Date "2023.05.20"]
[Round "-"]
[White "ameetghasi100"]
[Black "Ferrarifan27"]
[Result "1-0"]
[WhiteElo "2705"]
[BlackElo "2103"]
[TimeControl "300"]
[EndTime "11:59:32 PDT"]
[Termination "ameetghasi100 won on time"]

1. e4 e5 2. Nf3 Nc6 3. Bb5 a6 4. Ba4 Nf6 5. Bxc6 dxc6 6. d3 Bg4 7. Nbd2 Bd6 8. O-O O-O 9. Qe1 Re8 10. b3 Qe7 11.
Bb2 Nh5 12. Qe3 Nf4 13. Kh1 Qe6 14. Rg1 Qh6 15. Nc4 Bxf3 16. Qxf3 Re6 17. Bc1 Rf6 18. Be3 Qh4 19. Qg3 Qh5 20. Bxf4 exf4 21. Qf3 Qxf3 22. gxf3 Re8 23. d4 Rh6 24. e5 Bb4 25.
Rad1 Rh3 26. Kg2 Rh4 27. Rd3 Re6 28. c3 Be7 29. Nd2 Reh6 30. Rh1 Rg6+ 31. Kf1 Rgh6 32. c4 Rxh2 33. Rxh2 Rxh2 34. d5 cxd5 35. cxd5 Bh4 36. Ne4 Rh1+ 37. Kg2 Ra1 38. Rc3 Bd8 39. d6 c6 40. Nc5 Kf8 41. Nxb7 Ke8 42. Rc2 Kd7 43. Nc5+ Ke8 44. Nxa6 h5 45. Nb4 g5 46. Nxc6 g4 47.
d7+ Kxd7 48. Rd2+ Kxc6 49. Rxd8 Rxa2 50. Rd4 g3 51. Rxf4 gxf2 52. Rxf7 Kd5 53. f4 Rb2 54. Rf6 h4 55. Rh6 Rxb3 56. e6 h3+ 57. Kxf2 h2 58. e7 Rb8 59. Kg2 Re8 60. Kxh2 Rxe7 61. Kg3 Rg7+ 62. Kh4 Ke4 63. Rf6 Rg1 64. Kh5 Rg2 65.
Rf8 Rg1 66. Kh6 Rg2 67. f5 Ke5 68. Kh7 Rg5 69. f6 Ke6 70. f7 Ke7 71. Rg8 Rh5+ 72. Kg6 1-0

[Event "Live Chess"]
[Site "Chess.com"]
[Date "2023.05.20"]
[Round "-"]
[White "jennybobby44"]
[Black "Richardallis"]
[Result "1-0"]
[WhiteElo "1892"]
[BlackElo "1736"]
[TimeControl "300"]
[EndTime "11:59:43 PDT"]
[Termination "jennybobby44 won by resignation"]

1. Nf3 f5 2. g3 Nf6 3. Bg2 d5 4. d4 c6 5. O-O g6 6. Ne5 Bg7 7. b3 Nbd7 8. Bb2 e6 9. h3 O-O 10. Nd2 Nxe5 11. dxe5 Ne4 12. Nxe4 fxe4 13. f4 exf3 14.
exf3 Qg5 15. Qe1 Rf5 16. f4 Qh6 17. Qe3 Bd7 18. g4 Rff8 19. Ba3 Rf7 20. Rae1 b6 21. c4 Rd8 22. cxd5 cxd5 23. Qg3 Bb5 24. g5 Bxf1 25.
gxh6 Bxg2 26. hxg7 Be4 27. Bf8 Bf5 28. Rc1 d4 29.
Bd6 d3 30. Rd1 Kxg7 31. Rxd3 Bxd3 32. Qxd3 Rxf4 33. Kg2 Kg8 34. Qc4 Re8 35. Qxf4 1-0

[Event "Live Chess"]
[Site "Chess.com"]
[Date "2023.05.20"]
[Round "-"]
[White "apl_trainer"]
[Black "ElectricFalcon"]
[Result "1-0"]
[WhiteElo "1597"]
[BlackElo "1065"]
[TimeControl "300"]
[EndTime "11:59:44 PDT"]
[Termination "apl_trainer won by resignation"]

1. d4 d5 2. c4 Nf6 3. cxd5 Nxd5 4. e4 Nb6 5. Nc3 e6 6. Nf3 Bb4 7. Bd3 O-O 8. O-O c6 9. Qe2 N8d7 10. e5 Bxc3 11. bxc3 Nd5 12. c4 Ne7 13. Ba3 Re8 14. Ng5 Ng6 15. Qh5 h6 16. Nxf7 Qg5 17. Nxg5 hxg5 18. Qxg6 1-0

[Event "Live Chess"]
[Site "Chess.com"]
[Date "2023.05.20"]
[Round "-"]
[White "xx_blindpuffin_xx"]
[Black "mightysmasher"]
[Result "1-0"]
[WhiteElo "2210"]
[BlackElo "2131"]
[TimeControl "300"]
[EndTime "11:59:46 PDT"]
[Termination "xx_blindpuffin_xx won by checkmate"]

1. d4 d5 2. Bf4 Nf6 3. e3 e6 4. Nf3 Bd6 5. Bg3 O-O 6. Bd3 c5 7. c3 Nc6 8. Nbd2 b6 9. e4 dxe4 10. Nxe4 Nxe4 11. Bxe4 Bb7 12. dxc5 Bxc5 13. Qe2 h6 14. Rd1 Qf6 15. O-O Rfd8 16. b4 Be7 17. b5 Na5 18. Be5 Bxe4 19. Bxf6 Bxf3 20. Qxf3 Bxf6 21. Rxd8+ Rxd8 22. Rd1 Rc8 23. g3 Rxc3 24. Rd8+ Kh7 25. Qe4+ g6 26. Rd7 Kg7 27. Qxe6 Be7 28.
Rxe7 Rf3 29. Qe5+ Kf8 30. Re8# 1-0

[Event "Live Chess"]
[Site "Chess.com"]
[Date "2023.05.20"]
[Round "-"]
[White "FMOlexandrProhorov"]
[Black "olahgito"]
[Result "1-0"]
[WhiteElo "2188"]
[BlackElo "728"]
[TimeControl "300"]
[EndTime "11:59:51 PDT"]
[Termination "FMOlexandrProhorov won by checkmate"]

1. e4 d5 2. exd5 Qxd5 3. Nc3 Qd8 4. d4 Nf6 5. Bc4 e6 6. Nf3 Bb4 7. O-O Nc6 8. Bg5 O-O 9. Qe2 Bxc3 10. bxc3 h6 11. Bh4 a6 12. Ne5 Nxe5 13. dxe5 Nd5 14. Bxd8 Rxd8 15. Bd3 Nxc3 16. Qg4 b5 17. Qb4 Nd5 18. Qe4 Bb7 19. Qh7+ Kf8 20. Qh8+ Ke7 21. Qxg7 Rg8 22. Qxh6 Nb4 23. Qh4+ Kd7 24. Be4 Bxe4 25. Qxe4 Nxc2 26. Qxc2 Ke7 27. Qxc7+ Kf8 28. Rfd1 Kg7 29. Rd7 Rgf8 30. Qc3 Rad8 31. Qg3+ Kh7 32. Rxd8 Rxd8 33.
Qh4+ Kg7 34. Qxd8 Kg6 35. Rd1 Kf5 36. Rd7 Kxe5 37. Qf6+ Kxf6 38. Rd6 Ke5 39. Rxa6 f5 40. Rb6 Kd4 41. Rxb5 e5 42. h4 e4 43. h5 f4 44. h6 e3 45. fxe3+ fxe3 46. Kf1 Kd3 47. Ke1 Kc2 48. h7 Kd3 49. h8=Q Ke4 50. Qe5+ Kd3 51. Rd5+ Kc2 52. Qxe3 Kb2 53. Qb3+ Kc1 54. Rd1# 1-0

[Event "Live Chess"]
[Site "Chess.com"]
[Date "2023.05.20"]
[Round "-"]
[White "CocheseUK"]
[Black "VovaOvchar1990"]
[Result "0-1"]
[WhiteElo "1044"]
[BlackElo "1220"]
[TimeControl "300"]
[EndTime "11:59:52 PDT"]
[Termination "VovaOvchar1990 won by checkmate"]

1. e4 e5 2. Nf3 Nc6 3. Bb5 Bc5 4.
Bxc6 dxc6 5. Nxe5 Qh4 6. Nd3 Nf6 7. Nxc5 O-O 8. O-O Ng4 9. h3 Nf6 10. Qf3 b6 11. Nb3 Nxe4 12. d3 Nf6 13. Nc3 Bb7 14. Qf4 Qh5 15. Be3 Rab8 16. Ne4 Nxe4 17. Qxe4 c5 18. Qg4 Qe5 19. c3 f5 20. Qf4 Qd5 21.
d4 Qxg2# 0-1

[Event "Live Chess"]
[Site "Chess.com"]
[Date "2023.05.20"]
[Round "-"]
[White "Sidharth2008"]
[Black "booktrunk"]
[Result "0-1"]
[WhiteElo "1102"]
[BlackElo "1332"]
[TimeControl "300"]
[EndTime "11:59:53 PDT"]
[Termination "booktrunk won by resignation"]

1. e4 d5 2. exd5 Qxd5 3. Nc3 Qe5+ 4. Qe2 Qxe2+ 5. Bxe2 c6 6. Nf3 Bf5 7. d3 e6 8. O-O Nd7 9. Nd4 Bg6 10. Bf4 Bc5 11.
Nb3 Bb6 12. Be3 Bxe3 13. fxe3 O-O-O 14. Bf3 f6 15. Ne4 Ne7 16. Nec5 Nxc5 17. Nxc5 e5 18. Bg4+ f5 19. Bh3 Rhf8 20. e4 Rd6 21. Rf2 Kc7 22. Raf1 f4 23. g3 Rff6 24. gxf4 exf4 25. Rxf4 Rxf4 26. Rxf4 b6 27. Ne6+ Kb7 28. Nxg7 h5 29. Nf5 Nxf5 30. Bxf5 Rf6 31. Rh4 Bxf5 32. exf5 Rxf5 33. Kg2 a5 34. Kg3 b5 35. Rf4 Rc5 36.
c3 Kb6 37. d4 Rg5+ 38. Kh4 Rg2 39. Kxh5 Rxh2+ 40. Kg5 Rxb2 41. a3 Rb3 42. Rf8 Rxa3 43.
Rb8+ Kc7 44. Ra8 Rxc3 45. Rxa5 Rd3 46. Ra7+ Kd6 47. Kf4 Rxd4+ 48. Ke3 Ra4 49. Rxa4 bxa4 50. Kd4 Kc7 51. Kc4 a3 52. Kb3 Kb6 53. Kxa3 Kc5 54. Kb2 Kc4 55. Kc2 c5 56. Kc1 Kc3 57. Kd1 c4 58. Kc1 Kb3 59. Kb1 Kc3 60. Kc1 Kd3 61. Kd1 c3 62. Kc1 c2 63. Kb2 Kd2 0-1

[Event "Live Chess"]
[Site "Chess.com"]
[Date "2023.05.20"]
[Round "-"]
[White "Ayursworld"]
[Black "tuppyglossop"]
[Result "0-1"]
[WhiteElo "1369"]
[BlackElo "1597"]
[TimeControl "300"]
[EndTime "11:59:53 PDT"]
[Termination "tuppyglossop won by checkmate"]

1. e4 c5 2. Nf3 d6 3. c4 Nf6 4. d3 Nc6 5. Nc3 a6 6. Bg5 h6 7. Bxf6 gxf6 8. Be2 Bg7 9. Qd2 Bg4 10. h3 Bxf3 11. Bxf3 Qd7 12. Bg4 e6 13. O-O-O Qc7 14. a3 Nd4 15. Bf3 Nb3+ 16. Kc2 Nxd2 17. Kxd2 Rb8 18. Kc2 b5 19. cxb5 axb5 20. Na2 b4 21. axb4 cxb4+ 22. Kb3 O-O 23. Rc1 Qb6 24. Rhf1 Rfc8 25.
Rxc8+ Rxc8 26. Be2 f5 27. exf5 exf5 28. f3 Qd4 29.
Rc1 Qxb2+ 30. Ka4 Qxa2+ 31. Kxb4 Rxc1 32. Kb5 Qb2+ 33. Ka4 Ra1# 0-1

[Event "Live Chess"]
[Site "Chess.com"]
[Date "2023.05.20"]
[Round "-"]
[White "KGreenGator"]
[Black "maxwalden"]
[Result "1-0"]
[WhiteElo "1774"]
[BlackElo "1210"]
[TimeControl "300"]
[EndTime "11:59:55 PDT"]
[Termination "KGreenGator won by checkmate"]

1. c4 c5 2. Nc3 g6 3. e3 Bg7 4. d4 cxd4 5. exd4 Nf6 6. Nf3 O-O 7. Be2 d6 8. O-O Nc6 9. Re1 a6 10. d5 Nb4 11. a3 Nbxd5 12. cxd5 Bf5 13. Be3 b5 14.
Nd4 Bd7 15. b4 a5 16. Qb3 a4 17. Qb2 Qc7 18. Bxb5 Bxb5 19. Ndxb5 Qb7 20. Rad1 Ne4 21. Qc2 Nxc3 22. Nxc3 Bxc3 23. Qxc3 Rfc8 24. Qb2 f6 25. Bh6 Rc4 26. h3 Rac8 27. Re6 Rc2 28. Qd4 R2c4 29.
Qe3 Rc3 30. Qe2 Rc2 31. Qe1 Ra2 32. Rxe7 Qb5 33. Rg7+ Kh8 34. Rc1 Rxc1 35. Qxc1 Rxf2 36. Qc8+ Qe8 37. Qxe8# 1-0

[Event "Live Chess"]
[Site "Chess.com"]
[Date "2023.05.20"]
[Round "-"]
[White "viktorskliarov"]
[Black "worldchessleaguelive"]
[Result "1-0"]
[WhiteElo "2650"]
[BlackElo "1357"]
[TimeControl "300"]
[EndTime "11:59:56 PDT"]
[Termination "viktorskliarov won on time"]

1. e4 d5 2. exd5 Qxd5 3. Nc3 Qd8 4. d4 Nf6 5. Bc4 e6 6. Nf3 Be7 7. O-O Nbd7 8. d5 exd5 9. Nxd5 Nxd5 10. Qxd5 O-O 11.
Qh5 Nf6 12. Qh4 Bg4 13. Ne5 Be6 14. Bxe6 fxe6 15. Qh3 Qd5 16. Bf4 Rae8 17. Rfd1 Qe4 18. Qxe6+ Kh8 19. Nf7+ Rxf7 20. Qxf7 Qxf4 21. g3 Qb4 22.
Re1 b6 23. Rad1 h6 24. a3 Qc5 25. b4 Rf8 26. Qxe7 Qxe7 27. Rxe7 Re8 28. Rxe8+ Nxe8 29. Rd8 1-0

[Event "Live Chess"]
[Site "Chess.com"]
[Date "2023.05.20"]
[Round "-"]
[White "tomdot"]
[Black "rmethornhill"]
[Result "0-1"]
[WhiteElo "223"]
[BlackElo "1188"]
[TimeControl "300"]
[EndTime "11:59:56 PDT"]
[Termination "rmethornhill won by checkmate"]

1. e4 c5 2. Nf3 d6 3. Nc3 Nc6 4.
d3 g6 5. Bf4 Bg7 6. Be2 Nf6 7.
O-O O-O 8. Qd2 Nh5 9. h3 Nxf4 10.
Qxf4 e6 11. Ng5 Nd4 12. Bg4 f5 13. exf5 Nxf5 14. Bxf5 Rxf5 15. Qg4 Rxg5 16. Qe4 d5 17. Qa4 Bd7 18. Nb5 a6 19. Qa5 Qxa5 20. h4 Re5 21. d4 Re2 22. dxc5 Qxb5 23. a4 Qxc5 24. b4 Qxc2 25. b5 Rf8 26. bxa6 bxa6 27. a5 Rexf2 28. Rae1 Rxf1+ 29. Rxf1 Bd4+ 30. Kh1 Rxf1+ 31. Kh2 Be5+ 32. Kh3 Qd3+ 33. Kg4 Rf4+ 34. Kg5 Qf5+ 35. Kh6 Bg7# 0-1

[Event "Live Chess"]
[Site "Chess.com"]
[Date "2023.05.20"]
[Round "-"]
[White "GMHarry-youtube"]
[Black "TobyQuaite"]
[Result "1-0"]
[WhiteElo "2126"]
[BlackElo "1685"]
[TimeControl "300"]
[EndTime "11:59:56 PDT"]
[Termination "GMHarry-youtube won by checkmate"]

1. e4 e6 2. d4 d5 3. e5 c5 4. c3 Nc6 5. Nf3 Qb6 6. Bd3 cxd4 7.
O-O dxc3 8. Nxc3 Bd7 9. Re1 Nge7 10. h4 g6 11. Bg5 h6 12. Bf6 Rg8 13. Na4 Qc7 14. Nc3 Bg7 15. Nb5 Qb6 16. Nd6+ Kf8 17.
Qd2 h5 18. Ng5 Nd8 19. Nh7# 1-0